 Dungeon Crawl Stone Soup version 0.20.0-15-g7f486f2 (webtiles) character file.

130 renl the Chopper (level 5, -1/47 HPs)
             Began as a Hill Orc Monk on June 24, 2017.
             Slain by an adder (2 damage)
             ... on level 4 of the Dungeon.
             The game lasted 00:10:18 (1866 turns).

renl the Chopper (Hill Orc Monk)                    Turns: 1866, Time: 00:10:20

Health: -1/47      AC:  6    Str: 17    XL:     5   Next: 14%
Magic:  5/5        EV: 10    Int: 10    God:
Gold:   122        SH:  0    Dex: 13    Spells: 4/4 levels left

rFire    . . .     SeeInvis .   a - +0 hand axe
rCold    . . .     Gourm    .   (no shield)
rNeg     . . .     Faith    .   h - +0 scale mail
rPois    .         Spirit   .   (helmet restricted)
rElec    .         Reflect  .   (no cloak)
rCorr    .         Harm     .   (no gloves)
MR       +....                  (no boots)
Stlth    +.........             (no amulet)
Regen    0.2/turn               i - ring of stealth
MPRegen  0.1/turn               (no ring)

@: lethally poisoned (-1 -> -4)
A: horns 2, magic resistance 1, strong 1
a: no special abilities


You were on level 4 of the Dungeon.
You were not hungry.

You visited 1 branch of the dungeon, and saw 4 of its levels.

You collected 122 gold pieces.

Inventory:

Hand Weapons
 a - a +0 hand axe (weapon)
Missiles
 j - a throwing net (quivered)
Armour
 h - a +0 scale mail (worn)
 n - a +0 cloak
 v - a +0 shield
Jewellery
 i - a ring of stealth (left hand)
Scrolls
 b - 2 scrolls of enchant weapon {unknown}
 d - 2 scrolls of amnesia {unknown}
 e - 2 scrolls of remove curse {unknown}
 f - a scroll of magic mapping {unknown}
 k - a scroll of recharging {unknown}
 o - a scroll of teleportation {unknown}
 p - 3 scrolls of identify {unknown}
 u - a scroll of blinking {unknown}
Potions
 m - a potion of magic {unknown}
 q - a potion of curing {unknown}
 r - a potion of brilliance {unknown}
 t - a potion of degeneration {unknown}
Comestibles
 c - 2 bread rations
 g - 2 royal jellies
 l - 3 fruits
 s - 3 chunks of flesh


   Skills:
 * Level 4.5 Fighting
 * Level 6.5 Axes
 + Level 1.2 Armour
 - Level 2.4 Dodging
 - Level 1.5 Stealth


You had 4 spell levels left.
You didn't know any spells.

Dungeon Overview and Level Annotations

Branches:
Dungeon (4/15)
 Temple: D:4-7

Altars:
Fedhas

Annotations:
D:3 renl's ghost, amateur HOMo


Innate Abilities, Weirdness & Mutations

You have a pair of horns on your head.
You are resistant to hostile enchantments. (MR+)
Your muscles are strong. (Str +2)


Message History

The orc barely misses you. The hound bites you but does no damage.
The worker ant bites you.
* * * LOW HITPOINT WARNING * * *
You closely miss the adder. Your headbutt misses the adder.
You hit the worker ant but do no damage.
You closely miss the hound. You hit the orc. The adder barely misses you.
The hound bites you.
* * * LOW HITPOINT WARNING * * *
The orc hits you with a club.
* * * LOW HITPOINT WARNING * * *
The worker ant bites you but does no damage.
The adder bites you but does no damage.
You hit the adder but do no damage. You headbutt the adder.
The adder is heavily wounded.
You hit the worker ant. You hit the hound but do no damage.
You hit the orc but do no damage.
* * * LOW HITPOINT WARNING * * *
You feel sick. The hound closely misses you.
The orc hits you but does no damage. The adder bites you.
You die...

#...........#
#.........<.# .
.....#+#a##### ..
###.............
...######....#...##.####
.............#####......
.............# #.)####
......aSo....#####...###
......h@.....#..........
##.######.††............
....................
......#(............
.......#.............
.......#.##..........
.......#.##..........
.......#.##..........
...# #.##..........


You could see a hound, a worker ant, an adder and an orc.

Vanquished Creatures
  A worker ant (D:4)
  3 adders
  2 oozes
  2 dart slugs (D:1)
  2 leopard geckos
  9 orcs
  2 giant cockroaches (D:3)
  5 goblins
  3 hobgoblins
  4 jackals (D:2)
  2 ball pythons (D:2)
  6 bats
  5 frilled lizards
  7 kobolds
  9 rats
62 creatures vanquished.

Notes
Turn   | Place    | Note
-------+----------+-------------------------------------------
     0 | D:1      | renl the Hill Orc Monk began the quest for the Orb.
     0 | D:1      | Reached XP level 1. HP: 19/19 MP: 1/1
   173 | D:1      | Reached XP level 2. HP: 12/27 MP: 2/2
   651 | D:1      | Reached skill level 5 in Axes
   651 | D:1      | Reached XP level 3. HP: 22/33 MP: 3/3
   701 | D:1      | Gained mutation: Your muscles are strong. (Str +2) [potion of mutation]
   701 | D:1      | Gained mutation: You have a pair of small horns on your head. [potion of mutation]
   701 | D:1      | Gained mutation: You are resistant to hostile enchantments. (MR+) [potion of mutation]
   701 | D:1      | Gained mutation: You have a pair of horns on your head. [potion of mutation]
   852 | D:2      | Reached XP level 4. HP: 18/41 MP: 4/4
  1140 | D:3      | Noticed renl's ghost (amateur HOMo)
  1427 | D:3      | Reached skill level 6 in Axes
  1478 | D:3      | Found a blossoming altar of Fedhas.
  1842 | D:4      | Reached skill level 1 in Armour
  1842 | D:4      | Reached XP level 5. HP: 33/47 MP: 5/5
  1865 | D:4      | HP: 2/47 [orc/club (1)]
  1866 | D:4      | Slain by an adder

Skill      XL: |  1  2  3  4 |
---------------+-------------+-----
Fighting       | 4 |  4.5
Axes           | 5 6 |  6.5
Armour         | 1 |  1.2
Dodging        | |  2.4
Stealth        | |  1.5

Action                   |  1- 3 |  4- 6 || total
-------------------------+-------+-------++-------
Melee: Hand axe          |   103 |   105 ||   208
       Headbutt          |     5 |    17 ||    22
Throw: Throwing net      |     2 |       ||     2
  Use: Potion            |     2 |       ||     2
 Stab: Sleeping          |     2 |     1 ||     3
  Eat: Chunk             |       |     3 ||     3
Armor: Scale mail        |    41 |    57 ||    98
       Robe              |     1 |       ||     1
Dodge: Dodged            |    74 |    66 ||   140
